 Dungeon Crawl Stone Soup version 0.30.1-4-g462c640d31 (webtiles) character file.

Game seed: 6604839374217310699

417 Powssss the Chopper (level 6, -4/56 HPs)
             Began as a Minotaur Berserker on Aug 25, 2023.
             Was an Elder of Trog.
             Slain by a gnoll
             ... wielding a +0 flail
              (6 damage)
             ... on level 3 of the Dungeon.
             The game lasted 00:07:54 (2778 turns).

Powssss the Chopper (Minotaur Berserker)            Turns: 2778, Time: 00:07:54

Health: -4/56      AC:  8    Str: 24    XL:     6   Next: 61%
Magic:  5/5        EV: 11    Int:  4    God:    Trog [****..]
Gold:   279        SH:  0    Dex:  9    Spells: 5/5 levels left

rFire   . . .        a - +0 hand axe
rCold   . . .        (no shield)
rNeg    . . .        e - +0 scale mail
rPois   .            (helmet restricted)
rElec   .            f - +0 cloak
rCorr   .            (no gloves)
SInv    .            (no boots)
Will    .....        (no amulet) Stlth
                     (no ring)
HPRegen 0.29/turn    (no ring)
MPRegen 0.09/turn

%: no passive effects
@: on berserk cooldown, slowed, very slow
A: horns 2, retaliatory headbutt
a: Renounce Religion, Berserk, Trog's Hand, Brothers in Arms


You were on level 3 of the Dungeon.
You worshipped Trog.
Trog was greatly pleased with you.
You visited 1 branch of the dungeon, and saw 4 of its levels.

You collected 279 gold pieces.

Inventory:

Hand Weapons
 a - a +0 hand axe (weapon)
Missiles
 h - 3 boomerangs (quivered)
Armour
 e - a +0 scale mail (worn)
 f - a +0 cloak (worn)
Wands
 m - a wand of flame (10)
Scrolls
 g - a scroll of teleportation {unknown}
 k - a scroll of fog {unknown}
 l - a scroll of identify
Potions
 b - 2 potions of brilliance
 c - 2 potions of curing {unknown}
 d - a potion of heal wounds {unknown}
 i - a potion of magic {unknown}
 j - a potion of ambrosia {unknown}


   Skills:
 + Level 5.1 Fighting
 * Level 5.9 Axes
 + Level 2.0 Throwing
 + Level 4.2 Armour
 + Level 3.8 Dodging


You had 5 spell levels left.
You didn't know any spells.
Your spell library was empty.

Dungeon Overview and Level Annotations

Branches:
Dungeon (4/15)
 Temple: D:4-7

Altars:
Gozag
Nemelex Xobeh

Shops:
D:1 *   D:3 :


Innate Abilities, Weirdness & Mutations

You have a pair of horns on your head.
You reflexively headbutt those who attack you in melee.


Message History

You hit the gnoll.
The gnoll is almost dead.
The gnoll hits you but does no damage.
You hit the gnoll. You headbutt the gnoll.
You kill the gnoll!
Trog accepts your kill.
You hit the orc. You headbutt the orc.
You kill the orc!
Trog accepts your kill.
You can now call in reinforcements.
The gnoll hits you with a +0 flail!
* * * LOW HITPOINT WARNING * * *
Items here: ))) ††.
Unknown command.
Okay, then.
The gnoll closely misses you.
A red film seems to cover your vision as you go berserk!
You feel yourself moving faster!
You feel mighty! The gnoll hits you with a +0 flail.
* * * LOW HITPOINT WARNING * * *
Unknown command.
You hit the gnoll.
The gnoll is moderately wounded.
The gnoll hits you with a +0 flail!
* * * LOW HITPOINT WARNING * * *
You hit the gnoll. You headbutt the gnoll.
You kill the gnoll!
Trog accepts your kill.
Your Throwing skill increases to level 2!
You feel a strong urge to attack something.
You feel your anger nearly subside.
You are no longer berserk.
You are exhausted.
You feel yourself slow down. The gnoll attacks as you move away!
The gnoll hits you with a +0 flail.
* * * LOW HITPOINT WARNING * * *
The gnoll hits you with a +0 flail.
* * * LOW HITPOINT WARNING * * *
Unknown command.
You barely miss the gnoll. The gnoll closely misses you.
The gnoll hits you with a +0 flail.
You die...

.# #.....##.#####.##...)##.. .#
#...............)....##..
.########.....##.................
........'.........####.......##.#
#########.........# #..........#
#.....##..# #.)..#.#....
#.....##g.# #..†)#.##.##
#......g.#####...<#..#.#
#.......@#8..#........+##
#........#_..............
#........#8..#..........#
#........##########.....#
#.........# #.....# ##..#......#
#.....# #)..#........ ##.....#
#)###.#..##########.......
#.....#..........##.......


You could see 2 gnolls.

Vanquished Creatures
  2 howler monkeys (D:3)
  A hound (D:3)
  An orc priest (D:3)
  An iguana (D:4)
  Robin (D:2)
  3 adders
  12 gnolls (D:3)
  A worm (D:2)
  8 orcs (D:3)
  6 endoplasms
  3 giant cockroaches
  16 goblins
  6 hobgoblins
  11 jackals
  A quokka (D:2)
  5 ball pythons
  2 bats
  A frilled lizard (D:2)
  10 kobolds
  2 rats
93 creatures vanquished.

Notes
Turn   | Place    | Note
-------+----------+-------------------------------------------
     0 | D:1      | Powssss the Minotaur Berserker began the quest for the Orb.
     0 | D:1      | Reached XP level 1. HP: 19/19 MP: 0/0
   389 | D:1      | Found Ulonih's General Store.
   428 | D:1      | Reached XP level 2. HP: 25/27 MP: 1/1
   946 | D:2      | Identified the -1 helmet of Raith {rPois Int+3}
   946 | D:2      | Noticed Robin
   948 | D:2      | Reached XP level 3. HP: 26/33 MP: 2/2
   955 | D:2      | Reached ** piety under Trog
   959 | D:2      | Killed Robin
  1400 | D:2      | Reached XP level 4. HP: 40/40 MP: 3/3
  1694 | D:3      | Found Kosiv's Book Shoppe.
  1918 | D:3      | Reached *** piety under Trog
  1935 | D:3      | Reached skill level 1 in Throwing
  1935 | D:3      | Reached XP level 5. HP: 36/47 MP: 4/4
  1943 | D:3      | Reached skill level 5 in Axes
  2036 | D:3      | You fall into a shaft and drop 1 floor!
  2100 | D:4      | Found a sparkling altar of Nemelex Xobeh.
  2249 | D:3      | Found an opulent altar of Gozag.
  2348 | D:3      | Reached XP level 6. HP: 35/55 MP: 5/5
  2543 | D:3      | Reached skill level 5 in Fighting
  2762 | D:3      | Reached **** piety under Trog
  2766 | D:3      | HP: 2/84 [gnoll/+0 flail (7)]
  2777 | D:3      | HP: 1/56 [gnoll/+0 flail (2)]
  2778 | D:3      | Slain by a gnoll

Illustrated notes

Levels and vault maps discovered:
D:1:      heliophobic_arrival_dark_side_of_the_moon, layout_loops_ring,
          serial_shops, nicolae_shop_tiny_glass, dreamdust_wishing_well,
          grunt_decor_one_mirror, minmay_misc_feat_rugged
D:2:      layout_basic, hangedman_decor_points, dk_noncrumbling_2, uniq_robin
D:3:      lemuel_castle_with_subvaults [lemuel_castle_interior_carwin_3],
          layout_basic, grunt_gozag_breadcrumbs, serial_shops,
          nicolae_shop_temple_entry_statues_fountains, minmay_misc_feat_chi,
          hangedman_abyss_or_decor_stabs
D:4:      layout_basic, amcnicky_altar_gilded,
          mainiacjoe_overflow_cross_hatched, uniq_eustachio

Skill      XL: |  1  2  3  4  5  6 |
---------------+-------------------+-----
Fighting       | 4 5 |  5.1
Axes           | 4 5 |  5.9
Armour         | 3 4 |  4.2
Dodging        | 3 |  3.8
Throwing       | 1 2 |  2.0

Action                     |  1- 3 |  4- 6 || total
---------------------------+-------+-------++-------
  Melee: Hand axe          |    79 |   137 ||   216
         Headbutt          |    13 |    24 ||    37
  Throw: Boomerang         |       |     3 ||     3
 Invoke: Berserk           |       |     1 ||     1
    Use: Scroll            |       |     1 ||     1
 Armour: Animal skin       |     3 |       ||     3
         Scale mail        |    23 |    58 ||    81
  Dodge: Dodged            |    42 |    97 ||   139
